 Dungeon Crawl Stone Soup version 0.29.1-12-g30fa7ad0bf (webtiles) character file.

Game seed: 2602052382690717246

200 H0rd4k the Charlatan (level 5, 0/36 HPs)
             Began as an Octopode Artificer on Dec 15, 2022.
             Slain by Pikel
             ... wielding a +2 whip of flaming
              (13 damage)
             ... on level 4 of the Dungeon.
             The game lasted 00:02:23 (5314 turns).

H0rd4k the Charlatan (Octopode Artificer)           Turns: 5314, Time: 00:02:23

Health: 0/36       AC:  1    Str: 11    XL:     5   Next: 78%
Magic:  8/8        EV: 13    Int: 15    God:
Gold:   140        SH:  0    Dex: 13    Spells: 8/8 levels left

rFire   . . .      SeeInvis .     - Unarmed
rCold   . . .      Faith    .   (no shield)
rNeg    . . .      Spirit   .   (helmet restricted)
rPois   .          Reflect  .   (no amulet)
rElec   .          Harm     .   (no ring)
rCorr   .          Rampage  .   (no ring)
Will    .....                   (no ring)
Stlth   +++.......              (no ring)
HPRegen 0.12/turn               (no ring)
MPRegen 0.11/turn               (no ring)
                                (no ring)
                                (no ring)

@: no status effects
A: almost no armour, amphibious, 8 rings, camouflage 1, gelatinous body 1,
(nimble swimmer 1), tentacles
a: no special abilities


You were on level 4 of the Dungeon.
You visited 1 branch of the dungeon, and saw 4 of its levels.

You collected 140 gold pieces.

Inventory:

Missiles
 k - 3 poisoned darts (quivered)
Wands
 b - a wand of flame (10)
 c - a wand of charming (8)
 d - a wand of iceblast (3)
Scrolls
 a - 2 scrolls of fear {unknown}
 e - 7 scrolls of identify {unknown}
 f - 2 scrolls of enchant armour {unknown}
 g - 3 scrolls of teleportation {unknown}
 h - a scroll of immolation {unknown}
 j - a scroll of poison {unknown}
Potions
 i - a potion of curing
 l - a potion of lignification {unknown}
 m - a potion of heal wounds {unknown}
 n - 2 potions of brilliance {unknown}
 o - a potion of degeneration {unknown}


   Skills:
 * Level 3.1 Fighting
 + Level 0.1 Throwing
 - Level 2.3 Dodging
 - Level 1.3 Stealth
 + Level 3.2 Unarmed Combat
 * Level 2.3 Spellcasting
 - Level 3.2 Evocations


You had 8 spell levels left.
You didn't know any spells.
Your spell library contained the following spells:

 Spells                   Type           Power      Damage    Failure   Level
 Summon Ice Beast         Ice/Summ       1%         N/A       91%         4
 Summon Mana Viper        Hex/Summ       1%         N/A       99%         5
 Monstrous Menagerie      Summ           0%         N/A       100%        7


Dungeon Overview and Level Annotations

Branches:
Dungeon (4/15)
 Temple: D:4-7

Altars:

Shops:
D:4 :

Annotations:
D:3 Terence
D:4 3 runed translucent doors, DildoBatman's ghost, amateur FoCj; Pikel


Innate Abilities, Weirdness & Mutations

You cannot wear most types of armour.
You are amphibious.
You can wear up to eight rings at the same time.
Your skin changes colour to match your surroundings (Stealth+).
Your rubbery body absorbs attacks. (AC +1, EV +1)
((You are camouflaged when in or above water. (Stealth+)))
You have tentacles for arms and can constrict up to eight enemies at once.


Message History

Aiming: Iceblast
Press: ? - help, Shift-Dir - straight line, f/p - Pikel
Aim: Pikel, wielding a +2 whip of flaming, wearing a +0 robe of willpower and carrying a wand of digging (1) (moderately wounded)
The mass of ice explodes!
The iceblast engulfs Pikel!
Pikel is heavily wounded.
Unknown command.
Aiming: Charm
Press: ? - help, Shift-Dir - straight line, f/p - Pikel
Aim: Pikel, wielding a +2 whip of flaming, wearing a +0 robe of willpower and carrying a wand of digging (1) (heavily wounded, chance to affect: 23%) Pikel resists with almost no effort.
Unknown command.
Aiming: Throw Flame
Press: ? - help, Shift-Dir - straight line, f/p - Pikel
Aim: Pikel, wielding a +2 whip of flaming, wearing a +0 robe of willpower and carrying a wand of digging (1) (heavily wounded, 64% to hit)
The puff of flame hits Pikel.
Pikel is severely wounded.
Pikel misses you.
You barely miss Pikel. Your grab misses Pikel. You squeeze Pikel.
Pikel is severely wounded.
Pikel misses you.
You tentacle-slap Pikel but do no damage.
Your grab misses Pikel.
Pikel is severely wounded.
Pikel hits you with a +2 whip of flaming!
Pikel burns you.
You tentacle-slap Pikel. You grab Pikel.
Pikel is severely wounded.
You constrict Pikel.
Pikel hits you with a +2 whip of flaming.
Pikel burns you.
You barely miss Pikel.
Pikel is almost dead.
You constrict Pikel.
Pikel hits you with a +2 whip of flaming.
Pikel burns you.
You tentacle-slap Pikel but do no damage.
Pikel is almost dead.
You constrict Pikel, but do no damage.
Pikel hits you with a +2 whip of flaming!
You die...

#.# #.##.#########.###
#.###.##.# ##...##
#........# #.....#
#####.#### ##...##
#.##### ##.## #.....#
#.# #.###.# #.# #.###.#
##'## #@..#.# ##...##
#K#.#.## ##.....#
#.#.รท..####.......
######.#...#.##........
...............'........
#.#######...###.........
##.## ##........ #.#
##....#.. #.# #....#..


You could see Pikel.

Vanquished Creatures
  A jelly (D:4)
  A hound (D:4)
  A gnoll (D:3)
  4 adders
  2 dart slugs (D:1)
  2 orcs
  4 bats
  9 endoplasms
  3 giant cockroaches
  6 goblins
  6 hobgoblins
  4 jackals (D:1)
  2 quokkas
  5 ball pythons
  2 frilled lizards
  11 kobolds
  4 rats
67 creatures vanquished.

Vanquished Creatures (collateral kills)
  A gnoll (D:3)
  A ball python (D:4)
2 creatures vanquished.

Vanquished Creatures (others)
  2 gnolls (D:3)
2 creatures vanquished.

Grand Total: 71 creatures vanquished

Notes
Turn   | Place    | Note
-------+----------+-------------------------------------------
     0 | D:1      | H0rd4k the Octopode Artificer began the quest for the Orb.
     0 | D:1      | Reached XP level 1. HP: 13/13 MP: 1/1
   247 | D:1      | Reached XP level 2. HP: 3/18 MP: 1/3
   250 | D:1      | Reached skill level 1 in Spellcasting
  1161 | D:1      | Reached XP level 3. HP: 21/24 MP: 3/5
  2298 | D:2      | Reached skill level 1 in Unarmed Combat
  2426 | D:2      | Reached XP level 4. HP: 21/30 MP: 6/6
  2562 | D:2      | Found a faded altar of an unknown god.
  4287 | D:3      | Reached XP level 5. HP: 16/35 MP: 8/8
  4628 | D:3      | Noticed Terence
  4668 | D:4      | Found a runed translucent gate.
  4669 | D:4      | Found a runed translucent gate.
  4669 | D:4      | Found a runed translucent gate.
  4708 | D:4      | Identified the +1 chain mail of Dishonesty {rN+ Will+
                  | Dex-4}
  4708 | D:4      | Noticed an orc warrior
  4710 | D:4      | Noticed DildoBatman's ghost (amateur FoCj)
  4731 | D:4      | Found Arab's Tremendous Tomes.
  5083 | D:4      | Noticed a lemure
  5084 | D:4      | Noticed Pikel
  5084 | D:4      | Noticed a lemure
  5084 | D:4      | Noticed a lemure
  5084 | D:4      | Noticed a lemure
  5314 | D:4      | Slain by Pikel

Illustrated notes

Levels and vault maps discovered:
D:1:      mrwooster_arrival_statue_3, layout_basic
D:2:      layout_loops_ring, dreamdust_ecumenical_altar_hidden_monk_grotto
D:3:      layout_basic, uniq_terence
D:4:      layout_loops_corners, biasface_ghost_orc_armoury,
          hangedman_abyss_or_decor_passed, nicolae_shop_i_like_big_books,
          uniq_pikel

Skill      XL: |  1  2  3  4  5 |
---------------+----------------+-----
Spellcasting   | 1 2 |  2.3
Fighting       | 2 3 |  3.1
Unarmed Combat | 1 2 3 |  3.2
Throwing       | |  0.1
Dodging        | |  2.3
Stealth        | |  1.3
Evocations     | |  3.2

Action                   |  1- 3 |  4- 6 || total
-------------------------+-------+-------++-------
Melee: Unarmed           |   109 |    80 ||   189
       Tentacles         |    32 |    19 ||    51
       Constrict         |    24 |    20 ||    44
       Punch             |     3 |     2 ||     5
Throw: Dart              |       |     3 ||     3
Evoke: Wand              |     3 |    11 ||    14
 Stab: Sleeping          |     8 |     9 ||    17
Armor: Skin              |     6 |     4 ||    10
Dodge: Dodged            |    62 |    50 ||   112
